 Dungeon Crawl Stone Soup version 0.23.2-1-ga50397a (webtiles) character file.

Game seed: 1745717426959280116

5212 XPEneeg3 the Cleaver (level 10, -3/94 HPs)
             Began as a Hill Orc Monk on May 4, 2019.
             Was a Believer of Beogh.
             Killed by divine providence
             ... invoked by a meliai
              (10 damage)
             ... on level 10 of the Dungeon.
             The game lasted 00:56:04 (12055 turns).

XPEneeg3 the Cleaver (Hill Orc Monk)               Turns: 12055, Time: 00:56:05

Health: -3/94      AC: 11    Str: 18    XL:     10   Next: 61%
Magic:  8/13       EV: 10    Int: 10    God:    Beogh [**....]
Gold:   470        SH:  0    Dex: 13    Spells: 9/9 levels left

rFire    + . .     SeeInvis .   u - +3 hand axe (chop)
rCold    . . .     Gourm    .   (no shield)
rNeg     . . .     Faith    .   F - +2 chain mail {rF+}
rPois    .         Spirit   .   (no helmet)
rElec    .         Reflect  .   t - +0 cloak
rCorr    .         Harm     .   (no gloves)
MR       +....                  (no boots)
Stlth    ..........             (no amulet)
HPRegen  0.25/turn              o - ring of protection from magic
MPRegen  0.13/turn              E - ring of flight

@: no status effects
A: no striking features
a: Smiting, Renounce Religion, Evoke Flight


You were on level 10 of the Dungeon.
You worshipped Beogh.
Beogh was pleased with you.
You were not hungry.

You visited 1 branch of the dungeon, and saw 9 of its levels.

You collected 470 gold pieces.

Inventory:

Hand Weapons
 b - a +0 hunting sling
 u - a +3 hand axe of chopping (weapon)
 I - a +0 war axe of venom
Missiles
 i - 210 stones
 j - 52 sling bullets
 q - 18 poisoned needles
 y - 5 javelins (quivered)
Armour
 k - a +0 leather armour
 n - a +0 scale mail
 t - a +0 cloak (worn)
 F - a +2 chain mail of fire resistance (worn)
 H - the +2 leather armour "Zycsemish" {+Blink rN++ Str+4 Dex-3}
   (You found it on level 7 of the Dungeon)

   It affects your strength (+4).
   It affects your dexterity (-3).
   It greatly protects you from negative energy.
   It lets you blink.
Jewellery
 o - a ring of protection from magic (left hand)
 E - a ring of flight (right hand)
Wands
 l - a wand of iceblast (3)
 s - a wand of random effects (9)
Scrolls
 d - 2 scrolls of remove curse
 e - 4 scrolls of identify
 f - a scroll of fog
 g - 6 scrolls of teleportation {unknown}
 h - 3 scrolls of amnesia
 p - a scroll of immolation {unknown}
 v - a scroll of blinking {unknown}
 z - a scroll of enchant armour {unknown}
 C - 4 scrolls of enchant weapon {unknown}
Potions
 m - a potion of degeneration
 r - a potion of resistance {unknown}
 w - 2 potions of might
 x - a potion of magic {unknown}
 A - 2 potions of lignification {unknown}
 B - 2 potions of mutation {unknown}
 D - a potion of agility {unknown}
 J - 2 potions of cancellation {unknown}
Comestibles
 c - 8 rations


   Skills:
 + Level 10.7 Fighting
 + Level 11.6 Axes
 * Level 2.1 Armour
 + Level 7.6 Dodging
 - Level 1.5 Stealth
 + Level 4.5 Invocations


You had 9 spell levels left.
You didn't know any spells.
Your spell library was empty.

Dungeon Overview and Level Annotations

Branches:
Dungeon (8/15)             Temple (0/1) D:7            Lair (0/6) D:10
    Orc (0/2) D:10

Altars:
Dithmenos
Fedhas
Gozag
Hepliaklqana
Makhleb
Okawaru
Qazlal
Ru
Vehumet
Xom
Yredelemnul
Zin

Shops:
D:5 [

Annotations:
D:10 Sonja


Message History

Something smites you!
* * * LOW HITPOINT WARNING * * *
You feel much better. The meliai hits you with a +0 war axe.
* * * LOW HITPOINT WARNING * * *
The meliai stings you but does no damage.
The meliai barely misses you.
The meliai stings you but does no damage.
The meliai hits you with a +0 war axe!
* * * LOW HITPOINT WARNING * * *
The meliai stings you but does no damage.
The meliai hits you with a +0 war axe.
* * * LOW HITPOINT WARNING * * *
The meliai stings you but does no damage.
The meliai hits you but does no damage. The meliai stings you.
* * * LOW HITPOINT WARNING * * *
The meliai barely misses you.
The meliai stings you but does no damage.
The meliai mumbles some strange prayers to its god against you.
Something smites you!
You die...

..........#..+.. ..........+....
..........#.>.### #### .#o####..
.!..#.# ..". .#o...# #))..+.....
.#....# #.)).#.... ########
.#....# #..†K.#######......#
.#....## ###yy#...≈...#.....#
.#.....# #..@.#...#......####
.#.....# #...##..P##.....#...
.###).## #.#..PPPP...#.###...
####..## #.#≈..P>...≈#.......
.......#######.#..PPPP...#.......
.................##...##.........
.......######.....#...#..........
####..## ##..#...≈...#..###...
..##..## #...#######...# #...


You could see Sonja and 2 meliai.

Vanquished Creatures
  Sigmund (D:3)
  A hippogriff (D:4)
  A wyvern (D:8)
  2 hungry ghosts (D:7)
  A warg (D:10)
  Edmund (D:5)
  2 water moccasins
  The ghost of Tribosh the Firebug, an amateur DEFE (D:5)
  Duvessa (D:5)
  A sky beast (D:7)
  4 ice beasts
  3 necrophages
  An orc warrior (D:7)
  2 phantoms
  5 ogres
  2 wolves (D:8)
  3 centaurs
  3 bullfrogs
  3 scorpions
  Dowan (D:5)
  3 howler monkeys (D:5)
  6 crimson imps
  A centaur zombie (D:10)
  A bullfrog zombie (D:6)
  3 jellies
  3 orc priests
  A gnoll shaman (D:6)
  5 hounds
  An orc wizard (D:10)
  Jessica (D:3)
  Ijyb (D:3)
  2 iguanas
  8 worker ants
  A hound zombie (D:7)
  3 gnolls
  5 adders
  A white imp (D:5)
  An ooze (D:3)
  An adder zombie (D:8)
  2 worms
  4 dart slugs
  A leopard gecko (D:5)
  17 orcs
  3 giant cockroaches
  17 goblins
  8 hobgoblins
  10 jackals
  7 kobolds
  3 quokkas
  11 bats
  6 frilled lizards
  A leopard gecko skeleton (D:4)
  A quokka zombie (D:6)
  11 rats
  A plant (D:10)
190 creatures vanquished.

Vanquished Creatures (collateral kills)
  A meliai (D:10)
  Grum (D:8)
  A warg (D:10)
  A bullfrog skeleton (D:10)
4 creatures vanquished.

Vanquished Creatures (others)
  2 orc warriors (D:10)
2 creatures vanquished.

Grand Total: 196 creatures vanquished

Notes
Turn   | Place    | Note
-------+----------+-------------------------------------------
     0 | D:1      | XPEneeg3 the Hill Orc Monk began the quest for the Orb.
     0 | D:1      | Reached XP level 1. HP: 19/19 MP: 1/1
   123 | D:1      | Reached XP level 2. HP: 23/27 MP: 2/2
   891 | D:2      | Found a glowing silver altar of Zin.
   919 | D:2      | Reached XP level 3. HP: 23/33 MP: 3/3
  1603 | D:2      | Found an iron altar of Okawaru.
  2061 | D:3      | Reached XP level 4. HP: 36/41 MP: 4/4
  2111 | D:3      | Noticed Jessica
  2114 | D:3      | Killed Jessica
  2114 | D:3      | Reached skill level 5 in Axes
  2357 | D:3      | Reached XP level 5. HP: 30/47 MP: 5/5
  2881 | D:3      | Noticed Ijyb
  2932 | D:3      | Killed Ijyb
  2932 | D:3      | Reached skill level 5 in Fighting
  3623 | D:3      | Noticed Sigmund
  3980 | D:4      | Reached skill level 6 in Axes
  3980 | D:4      | Reached XP level 6. HP: 46/56 MP: 6/6
  4567 | D:4      | Noticed a hippogriff
  4577 | D:4      | Killed a hippogriff
  4577 | D:4      | Reached XP level 7. HP: 16/63 MP: 7/7
  5163 | D:4      | Reached skill level 7 in Axes
  5458 | D:5      | Entered Level 5 of the Dungeon
  5460 | D:5      | Found a runed translucent gate.
  5460 | D:5      | Found a runed translucent gate.
  5460 | D:5      | Found a runed translucent gate.
  5461 | D:5      | Noticed Tribosh's ghost (amateur DEFE)
  5487 | D:5      | Noticed Dowan
  5576 | D:5      | Noticed Duvessa
  5873 | D:5      | Found an opulent altar of Gozag.
  5946 | D:5      | Reached XP level 8. HP: 31/73 MP: 8/8
  6309 | D:5      | Reached skill level 8 in Axes
  6309 | D:5      | Reached skill level 5 in Dodging
  6377 | D:5      | Killed Dowan
  6390 | D:5      | Killed Duvessa
  6674 | D:5      | Noticed Edmund
  6697 | D:5      | Killed Edmund
  7018 | D:5      | Reached skill level 9 in Axes
  7557 | D:5      | Found Fapol's Antique Armour Boutique.
  7945 | D:3      | Killed Sigmund
  7945 | D:3      | Reached XP level 9. HP: 43/82 MP: 0/9
  8121 | D:5      | Killed Tribosh's ghost
  8417 | D:6      | Reached skill level 10 in Axes
  8931 | D:6      | Became a worshipper of Beogh the Brigand
  8931 | D:6      | Reached * piety under Beogh
  8931 | D:6      | Reached ** piety under Beogh
  9888 | D:7      | Found a radiant altar of Vehumet.
  9889 | D:7      | Found a basalt altar of Yredelemnul.
  9892 | D:7      | Found a shadowy altar of Dithmenos.
  9892 | D:7      | Found a burning altar of Makhleb.
  9894 | D:7      | Found a hazy altar of Hepliaklqana.
  9894 | D:7      | Found a shimmering altar of Xom.
  9895 | D:7      | Found a sacrificial altar of Ru.
  9912 | D:7      | Got a pearl-studded leather armour
  9973 | D:7      | Identified the +2 leather armour "Zycsemish" {+Blink rN++
                  | Str+4 Dex-3} (You found it on level 7 of the Dungeon)
 10039 | D:7      | Reached skill level 10 in Fighting
 10044 | D:7      | Found a stormy altar of Qazlal.
 10054 | D:7      | Reached skill level 1 in Invocations
 10065 | D:7      | Found a blossoming altar of Fedhas.
 10084 | D:7      | Reached skill level 11 in Axes
 10084 | D:7      | Reached XP level 10. HP: 75/93 MP: 9/11
 10151 | D:7      | Found a staircase to the Ecumenical Temple.
 10870 | D:8      | Reached *** piety under Beogh
 11412 | D:8      | Noticed Grum
 11424 | D:8      | Killed Grum
 11750 | D:8      | You fall through a shaft for 2 floors!
 11750 | D:10     | Entered Level 10 of the Dungeon
 11767 | D:10     | Found a staircase to the Lair.
 11856 | D:10     | Reached skill level 1 in Armour
 11900 | D:10     | Found a staircase to the Orcish Mines.
 12051 | D:10     | Noticed Sonja
 12055 | D:10     | Killed from afar by a meliai

Skill      XL: |  1  2  3  4  5  6  7  8  9 10 |
---------------+-------------------------------+-----
Fighting       | 4 5 6 7 8 10 | 10.7
Dodging        | 3 4 5 7 |  7.6
Axes           | 5 6 7 9 11 | 11.6
Invocations    | 1 4 |  4.5
Armour         | 2 |  2.1
Stealth        | |  1.5

Action                   |  1- 3 |  4- 6 |  7- 9 | 10-12 || total
-------------------------+-------+-------+-------+-------++-------
Melee: Hand axe          |   116 |   219 |   523 |   170 ||  1028
Throw: Javelin           |       |    14 |     4 |     1 ||    19
       Stone             |       |     6 |       |       ||     6
Invok: Convert to Beogh  |       |       |     1 |       ||     1
       Smiting           |       |       |       |     2 ||     2
Evoke: Wand              |       |     2 |     1 |       ||     3
  Use: Potion            |       |     2 |     5 |     3 ||    10
       Scroll            |       |     2 |     1 |       ||     3
 Stab: Sleeping          |     8 |       |       |       ||     8
  Eat: Chunk             |     3 |     9 |     7 |    12 ||    31
       Ration            |       |       |     4 |     1 ||     5
Armor: Robe              |    17 |     6 |       |       ||    23
       Scale mail        |       |    54 |   143 |       ||   197
       Chain mail        |       |       |    35 |    79 ||   114
Dodge: Dodged            |    75 |   120 |   258 |    82 ||   535
